 Dungeon Crawl Stone Soup version 0.22.1-6-g1668fe2 (webtiles) character file.

115 doot the Firebug (level 4, 0/24 HPs)
             Began as a Deep Elf Fire Elementalist on Jan 24, 2019.
             Killed by nerve-wracking pain
             ... invoked by Grinder
              (2 damage)
             ... on level 3 of the Dungeon.
             The game lasted 00:05:56 (2173 turns).

doot the Firebug (Deep Elf Fire Elementalist)       Turns: 2173, Time: 00:05:56

Health: 0/24       AC:  3    Str:  5 (8)  XL:     4   Next: 68%
Magic:  12/12      EV: 13    Int: 25 (26) God:
Gold:   78         SH:  0    Dex: 13 (15) Spells: 6/11 levels left

rFire    . . .     SeeInvis .   d - +2 spear (freeze)
rCold    . . .     Gourm    .   (no shield)
rNeg     . . .     Faith    .   a - +0 robe
rPois    .         Spirit   .   (no helmet)
rElec    .         Reflect  .   e - +0 cloak
rCorr    .         Harm     .   (no gloves)
MR       .....                  (no boots)
Stlth    ++........             (no amulet)
HPRegen  0.08/turn              g - +3 ring of slaying
MPRegen  0.13/turn              t - +3 ring of strength

@: brilliant
A: no striking features
a: no special abilities


You were on level 3 of the Dungeon.
You were not hungry.

You visited 1 branch of the dungeon, and saw 3 of its levels.

You collected 78 gold pieces.

Inventory:

Hand Weapons
 d - a +2 spear of freezing (weapon)
Armour
 a - a +0 robe (worn)
 e - a +0 cloak (worn)
 o - a cursed +0 robe
Jewellery
 g - a +3 ring of slaying (left hand)
 t - a +3 ring of strength (right hand)
Scrolls
 f - a scroll of fog {unknown}
 i - a scroll of fear {unknown}
 j - 2 scrolls of remove curse {unknown}
 m - a scroll of magic mapping {unknown}
 n - 2 scrolls of immolation {unknown}
 p - a scroll of identify {unknown}
Potions
 b - a potion of agility {unknown}
 h - a potion of brilliance
 k - a potion of degeneration
 l - a potion of ambrosia {unknown}
 r - a potion of curing {unknown}
 s - a potion of haste {unknown}
Comestibles
 c - 3 rations


   Skills:
 + Level 0.9 Fighting
 + Level 2.7 Dodging
 + Level 2.7 Stealth
 + Level 4.2 Spellcasting
 + Level 2.2 Conjurations
 + Level 4.4 Fire Magic


You had 6 spell levels left.
You knew the following spells:

 Your Spells              Type           Power        Failure   Level  Hunger
a - Flame Tongue          Conj/Fire      #####        1%          1    None
b - Sticky Flame          Conj/Fire      #####...     2%          4    ####...

Your spell library contained the following spells:

 Spells                   Type           Power        Failure   Level  Hunger
 Throw Flame              Conj/Fire      #####.       1%          2    None
 Conjure Flame            Conj/Fire      #####...     1%          3    ##.....
 Inner Flame              Hex/Fire       ####....     1%          3    ##.....
 Fireball                 Conj/Fire      #####.....   8%          5    #####..


Dungeon Overview and Level Annotations

Branches:
Dungeon (3/15)

Altars:

Annotations:
D:3 Grinder


Message History

Grinder gestures at you.
You suddenly lose the ability to move!
Grinder gestures at you. You resist with significant effort. Grinder hits you.
* * * LOW HITPOINT WARNING * * *
You writhe in agony.
* * * LOW HITPOINT WARNING * * *
Grinder gestures at you. You resist with significant effort.
You can move again.
It was a potion of degeneration.
There was something very wrong with that liquid.
You feel weakened.
You feel dopey.
You feel clumsy. Grinder barely misses you.
It was a potion of brilliance.
You feel clever all of a sudden. Grinder gestures at you.
Pain shoots through your body!
You die...

#.........# #
#.........# #
#.........# #
#.........# #
#.........#
#..<......#
#...).....#
#...[.....### #
#...@........ .
#...)5....#### ##
## ###.#<........
..# #.
#.#..#########.# #.
#.#..#...#...#.# #.
#.#..#.###.#.#.# #.
#.#..........#.# #.
#.##.#####.###.###.
#.##.......#.......


You could see Grinder.

Vanquished Creatures
  An adder (D:2)
  4 gnolls (D:2)
  2 oozes
  A worm (D:2)
  2 dart slugs (D:1)
  4 leopard geckos
  An orc (D:3)
  3 giant cockroaches
  4 goblins
  2 hobgoblins (D:2)
  3 jackals (D:1)
  5 kobolds
  A quokka (D:3)
  A ball python (D:2)
  8 bats
  3 frilled lizards (D:2)
  4 rats (D:1)
49 creatures vanquished.

Notes
Turn   | Place    | Note
-------+----------+-------------------------------------------
     0 | D:1      | doot the Deep Elf Fire Elementalist began the quest for the
                  | Orb.
     0 | D:1      | Reached XP level 1. HP: 10/10 MP: 6/6
   122 | D:1      | Reached XP level 2. HP: 14/15 MP: 1/8
   605 | D:1      | Reached XP level 3. HP: 18/19 MP: 5/10
   852 | D:2      | Found a faded altar of an unknown god.
  1127 | D:2      | Reached XP level 4. HP: 24/24 MP: 7/11
  1133 | D:2      | Learned a level 4 spell: Sticky Flame
  1746 | D:3      | Noticed Grinder
  2168 | D:3      | Paralysed by Grinder for 4 turns
  2173 | D:3      | Killed from afar by Grinder

Skill      XL: |  1  2  3  4 |
---------------+-------------+-----
Fire Magic     | 4 |  4.4
Conjurations   | 2 |  2.2
Spellcasting   | 4 |  4.2
Fighting       | |  0.9
Dodging        | |  2.7
Stealth        | |  2.7

Action                   |  1- 3 |  4- 6 || total
-------------------------+-------+-------++-------
Melee: Spear             |    12 |     4 ||    16
 Cast: Flame Tongue      |    60 |    20 ||    80
       Sticky Flame      |       |     4 ||     4
  Use: Potion            |       |     2 ||     2
 Stab: Sleeping          |     1 |     1 ||     2
  Eat: Ration            |       |     1 ||     1
       Chunk             |       |     1 ||     1
Armor: Robe              |    11 |     2 ||    13
Dodge: Dodged            |    30 |    10 ||    40
